 Dungeon Crawl Stone Soup version 0.27-a0-1137-g3ef0f4ec91 (webtiles) character file.

Game seed: 15790925478814188850

12687 bjbs the Geomancer (level 11, -4/64 HPs)
             Began as a Gargoyle Earth Elementalist on May 6, 2021.
             Was a Believer of Vehumet.
             Hit by a large rock thrown by a cyclops (14 damage)
             ... on level 13 of the Dungeon.
             The game lasted 00:24:12 (12156 turns).

bjbs the Geomancer (Gargoyle Earth Elementalist)   Turns: 12156, Time: 00:24:12

Health: -4/64      AC: 16    Str: 13    XL:     11   Next: 97%
Magic:  23/23      EV: 12    Int: 18    God:    Vehumet [**....]
Gold:   505        SH:  0    Dex:  8    Spells: 17/26 levels left

rFire    + . .     SeeInvis .   d - +3 dagger (elec)
rCold    . . .     Faith    .   (no shield)
rNeg     + . .     Spirit   .   c - +0 robe
rPois    ∞         Reflect  .   (helmet restricted)
rElec    +         Harm     .   D - +2 cloak
rCorr    .         Rampage  .   k - +2 pair of gloves
Will     +....     Clarity  +   (no boots)
Stlth    ++........             f - amulet of magic regeneration
HPRegen  0.20/turn              i - ring of protection from fire
MPRegen  0.43/turn              t - ring of willpower

@: no status effects
A: sickness immunity, AC +8, negative energy resistance 1, electricity
resistance, torment resistance 1, unbreathing 1, petrification resistance, horns
1, clarity, clumsy 1
a: Renounce Religion


You were on level 13 of the Dungeon.
You worshipped Vehumet.
Vehumet was pleased with you.
You visited 2 branches of the dungeon, and saw 12 of its levels.
You also visited: Ossuary.

You collected 1390 gold pieces.
You spent 885 gold pieces at shops.

Inventory:

Hand Weapons
 d - a +3 dagger of electrocution (weapon)
 l - a +0 morningstar
 r - a +2 quarterstaff of draining
Missiles
 b - 191 stones
 y - 2 throwing nets
Armour
 c - a +0 robe (worn)
 k - a +2 pair of gloves (worn)
 D - a +2 cloak (worn)
Jewellery
 f - an amulet of magic regeneration (around neck)
 i - a ring of protection from fire (left hand)
 j - a ring of flight
 t - a ring of willpower (right hand)
Wands
 e - a wand of flame (27)
 m - a wand of acid (7)
 q - a wand of digging (6)
 A - a wand of polymorph (6)
 C - a wand of iceblast (9)
Scrolls
 g - 4 scrolls of teleportation
 o - a scroll of immolation
 s - 2 scrolls of amnesia
 v - 3 scrolls of enchant weapon
Potions
 h - 14 potions of curing
 n - 8 potions of ambrosia
 p - 2 potions of attraction
 u - a potion of resistance
 w - 3 potions of cancellation
 x - 4 potions of haste
 z - 5 potions of brilliance


   Skills:
 + Level 5.6 Fighting
 + Level 5.0 Maces & Flails
 + Level 5.4 Armour
 + Level 4.5 Dodging
 - Level 2.1 Stealth
 + Level 8.2 Spellcasting
 + Level 9.1 Conjurations
 - Level 0.7 Transmutations
 + Level 10.9 Earth Magic
 + Level 4.7 Evocations


You had 17 spell levels left.
You knew the following spells:

 Your Spells              Type           Power      Damage    Failure   Level
a - Sandblast             Erth           92%        2d19      1%          1
b - Stone Arrow           Conj/Erth      86%        3d12      1%          3
c - Lee's Rapid Deconstr  Erth           23%        3d14*     3%          5

Your spell library contained the following spells:

 Spells                   Type           Power      Damage    Failure   Level
 Ignite Poison            Fire/Tmut/Pois 8%         N/A       26%         3
 Foxfire                  Conj/Fire      92%        2x1d8     1%          1
 Magic Dart               Conj           100%       1d8       1%          1
 Shock                    Conj/Air       92%        1d8       1%          1
 Passwall                 Tmut/Erth      23%        N/A       1%          2
 Searing Ray              Conj           80%        3d6       1%          2
 Static Discharge         Conj/Air       23%        N/A       2%          2
 Conjure Flame            Conj/Fire      23%        6-21      4%          3
 Dazzling Flash           Conj/Hex       46%        N/A       4%          3
 Petrify                  Tmut/Erth      28%        N/A       9%          4
 Fulminant Prism          Conj/Hex       11%        3d9       14%         4
 Iskenderun's Mystic Bla  Conj/Tloc      23%        2d6       14%         4
 Sticky Flame             Conj/Fire      23%        2d4       14%         4
 Inner Flame              Hex/Fire       7%         N/A       28%         3
 Swiftness                Air            7%         N/A       28%         3
 Fireball                 Conj/Fire      11%        3d7       38%         5
 Lightning Bolt           Conj/Air       11%        1d24      38%         5
 Airstrike                Air            3%         N/A       67%         4


Dungeon Overview and Level Annotations

Branches:
Dungeon (10/15)            Temple (1/1) D:6            Lair (0/6) D:8
Ossuary (visited)
    Orc: D:9-12

Altars:
Ashenzari
Cheibriados
Gozag
Kikubaaqudgha
Makhleb
Nemelex Xobeh
Okawaru
Qazlal
Ru
Sif Muna
Trog
Uskayaw
Vehumet
Wu Jian
Xom
Yredelemnul
Zin
The Shining One

Shops:
D:8 [![

Portals:
Ice
Cave: D:13


Innate Abilities, Weirdness & Mutations

You are immune to sickness and miasma.
Your stone body is resilient. (AC +8)
You are immune to poison.
You resist negative energy. (rN+)
You are resistant to electric shocks. (rElec)
You are resistant to unholy torment.
You can survive without breathing.
You are immune to petrification.
You have a pair of small horns on your head.
You possess an exceptional clarity of mind.
You are clumsy. (Dex -2)


Message History

The centaur warrior is splashed with acid!
The centaur warrior is severely wounded.
The centaur warrior shoots an arrow.
The arrow hits you!
Unknown command.
Unknown command.
Casting: Sandblast (safe; 1% risk of failure)
Confirm with . or Enter, or press ? or * to list all spells.
Aiming: Stone Arrow (safe; 1% risk of failure)
Press: ? - help, Shift-Dir - straight line, f/p - centaur warrior
Aim: a centaur warrior, wielding a +0 longbow and quivering arrows (severely wounded, covered in acid, 82% to hit)
The stone arrow hits the centaur warrior!!
You kill the centaur warrior!
Vehumet accepts your kill.
You feel your power returning.
Your Maces & Flails skill increases to level 5!
A cyclops comes into view.
The cyclops throws a large rock.
The large rock hits you!!
* * * LOW HITPOINT WARNING * * *
You feel much better.
Aiming: Corrosive Bolt
Press: ? - help, Shift-Dir - straight line, f - cyclops
Aim: a cyclops, quivering large rocks (98% to hit)
The bolt of acid hits the cyclops!
The cyclops is splashed with acid!
The cyclops is moderately wounded.
The cyclops throws a large rock.
The large rock hits you!
Unknown command.
Hit: d) +3 dagger (elec)
Press: ? - help, Dir - move target, f - you, p - cyclops
Okay, then.
Unknown command.
Aiming: Corrosive Bolt
Press: ? - help, Shift-Dir - straight line, f/p - cyclops
Aim: a cyclops, quivering large rocks (moderately wounded, 98% to hit)
The bolt of acid hits the cyclops!!
The cyclops is splashed with acid.
The acid corrodes the cyclops!
The cyclops is severely wounded.
The cyclops throws a large rock.
The large rock hits you!
* * * LOW HITPOINT WARNING * * *
You feel better.
The cyclops throws a large rock.
The large rock hits you!
You die...

>......................
#.......................
#.......................
........................
........................
........................
........................
........................
...C...@................
.......:................
........)...............
........................
.........C.............
..)................
#...............
................


You could see 2 cyclopes.

Vanquished Creatures
  A centaur warrior (D:13)
  A two-headed ogre (D:10)
  3 death yaks (D:8)
  Urug (D:10)
  A troll (D:10)
  3 slime creatures (D:13)
  A queen bee (D:9)
  2 hornets
  2 polar bears (D:13)
  Prince Ribbit (D:5)
  2 shadows (D:9)
  A wraith (D:9)
  17 yaks
  2 water moccasins
  An orc warrior (D:10)
  A sky beast (D:8)
  A black bear (shapeshifter) (D:13)
  A black bear (D:5)
  3 ogres (D:6)
  A necrophage (D:4)
  2 wolves (D:13)
  2 centaurs
  2 phantoms (D:5)
  A kobold brigand (D:6)
  A bullfrog (D:9)
  3 gnoll sergeants
  A water moccasin zombie (D:6)
  A water moccasin skeleton (D:6)
  18 killer bees (D:9)
  3 howler monkeys (D:9)
  3 jellies
  2 bullfrog zombies (D:5)
  2 centaur zombies
  A lava snake (D:7)
  3 orc priests
  2 hounds (D:4)
  A centaur skeleton (D:4)
  A bullfrog skeleton (D:4)
  An iguana (D:5)
  Terence (D:2)
  10 orc wizards
  A hell rat (D:8)
  A hound skeleton (D:4)
  9 mummies
  A howler monkey zombie (D:4)
  27 gnolls
  7 adders
  A river rat (D:8)
  An adder skeleton (D:4)
  3 dart slugs
  2 worms
  27 orcs
  4 endoplasms
  4 giant cockroaches
  2 gnoll zombies (Ossuary)
  6 goblins
  7 hobgoblins
  6 jackals (D:1)
  4 quokkas
  8 ball pythons
  6 bats
  2 frilled lizards (D:1)
  3 hobgoblin zombies
  6 kobolds (D:6)
  4 kobold zombies
  An orc zombie (Ossuary)
  8 rats
258 creatures vanquished.

Notes
Turn   | Place    | Note
-------+----------+-------------------------------------------
     0 | D:1      | bjbs the Gargoyle Earth Elementalist began the quest for
                  | the Orb.
     0 | D:1      | Reached XP level 1. HP: 10/10 MP: 3/3
   317 | D:1      | Reached skill level 4 in Earth Magic
   317 | D:1      | Reached XP level 2. HP: 15/15 MP: 5/5
   603 | D:1      | Found a faded altar of an unknown god.
   636 | D:1      | Reached XP level 3. HP: 18/19 MP: 4/7
   645 | D:1      | Learned a level 3 spell: Stone Arrow
  1384 | D:2      | Reached skill level 1 in Conjurations
  1384 | D:2      | Reached XP level 4. HP: 24/24 MP: 8/8
  1621 | D:2      | You fall into a shaft and drop 1 floor!
  1660 | D:3      | Reached skill level 5 in Earth Magic
  1711 | D:3      | Reached XP level 5. HP: 24/28 MP: 6/9
  2076 | D:2      | Noticed Terence
  2082 | D:2      | Killed Terence
  2135 | D:2      | Learned a level 5 spell: Lee's Rapid Deconstruction
  3332 | D:4      | Identified a scroll of acquirement
  3332 | D:4      | Acquired 669 gold pieces
  3403 | D:4      | Reached XP level 6. HP: 17/32 MP: 8/11
  3675 | D:4      | Reached skill level 6 in Earth Magic
  4205 | D:4      | Reached XP level 7. HP: 6/36 MP: 11/13
  5245 | D:5      | Entered Level 5 of the Dungeon
  5423 | D:5      | Reached skill level 7 in Earth Magic
  5571 | D:5      | Reached skill level 5 in Spellcasting
  5571 | D:5      | Reached XP level 8. HP: 36/41 MP: 11/15
  5636 | D:5      | Reached skill level 5 in Conjurations
  6174 | D:5      | Gained mutation: Your magical capacity is low. (-10% MP)
                  | [potion of mutation]
  6222 | D:6      | Noticed Prince Ribbit
  6233 | D:5      | Killed Prince Ribbit
  6234 | D:5      | Reached skill level 8 in Earth Magic
  6364 | D:6      | Found a sand-covered staircase.
  6370 | Ossuary  | Entered an ossuary
  6594 | Ossuary  | Reached XP level 9. HP: 35/45 MP: 16/16
  7178 | D:6      | Reached skill level 9 in Earth Magic
  7563 | D:6      | Found a staircase to the Ecumenical Temple.
  7573 | Temple   | Entered the Ecumenical Temple
  7635 | Temple   | Became a worshipper of Vehumet
  8540 | D:8      | Reached skill level 1 in Fighting
  8540 | D:8      | Reached skill level 1 in Maces & Flails
  8540 | D:8      | Reached skill level 1 in Armour
  8614 | D:7      | Reached skill level 1 in Evocations
  8641 | D:8      | Found Joss's Distillery.
  8645 | D:8      | Bought a potion of haste for 110 gold pieces
  8645 | D:8      | Bought 2 potions of curing for 66 gold pieces
  8645 | D:8      | Bought a potion of heal wounds for 55 gold pieces
  8645 | D:8      | Bought a potion of haste for 110 gold pieces
  8645 | D:8      | Bought a potion of curing for 33 gold pieces
  8645 | D:8      | Bought a potion of brilliance for 44 gold pieces
  8645 | D:8      | Bought a potion of brilliance for 44 gold pieces
  8645 | D:8      | Bought a potion of cancellation for 88 gold pieces
  8645 | D:8      | Bought a potion of cancellation for 88 gold pieces
  8688 | D:8      | Noticed a death yak
  8688 | D:8      | Noticed a death yak
  8689 | D:8      | Noticed a death yak
  8696 | D:8      | Killed a death yak
  8697 | D:8      | Killed a death yak
  8698 | D:8      | Reached XP level 10. HP: 3/56 MP: 7/18
  8698 | D:8      | Killed a death yak
  8698 | D:8      | Reached * piety under Vehumet
  8698 | D:8      | Offered knowledge of Freeze by Vehumet.
  9150 | D:8      | Found a staircase to the Lair.
  9314 | D:8      | Lost mutation: Your magical capacity is low. (-10% MP)
                  | [potion of mutation]
  9314 | D:8      | Gained mutation: You possess an exceptional clarity of
                  | mind. [potion of mutation]
  9314 | D:8      | Gained mutation: You are clumsy. (Dex -2) [potion of
                  | mutation]
  9314 | D:8      | Gained mutation: You have a pair of small horns on your
                  | head. [potion of mutation]
  9322 | D:8      | Found Upnoimp's Armour Shop.
  9331 | D:8      | Bought a +2 cloak for 247 gold pieces
  9777 | D:8      | Found Navvott's Armour Shop.
  9921 | D:9      | Reached skill level 10 in Earth Magic
 10029 | D:9      | Reached XP level 11. HP: 35/61 MP: 7/22
 10671 | D:9      | Found a bloodstained altar of Trog.
 10769 | D:9      | Reached ** piety under Vehumet
 10769 | D:9      | Offered knowledge of Poisonous Vapours by Vehumet.
 11226 | D:10     | Entered Level 10 of the Dungeon
 11390 | D:10     | Noticed a two-headed ogre
 11404 | D:10     | Killed a two-headed ogre
 11405 | D:10     | Reached skill level 5 in Fighting
 11607 | D:10     | Noticed Urug
 11612 | D:10     | Killed Urug
 11613 | D:10     | Reached skill level 5 in Armour
 11778 | D:10     | You fall into a shaft and drop 3 floors!
 11781 | D:13     | Found a frozen archway.
 11789 | D:13     | Offered knowledge of Ignite Poison by Vehumet.
 11790 | D:13     | Noticed an ice dragon
 11832 | D:13     | Identified the +2 scale mail "Ucwu" {rF- Will++}
 12145 | D:13     | Noticed a centaur warrior
 12147 | D:13     | Noticed a cyclops
 12151 | D:13     | Killed a centaur warrior
 12152 | D:13     | Reached skill level 5 in Maces & Flails
 12152 | D:13     | Noticed a cyclops
 12156 | D:13     | Hit by a large rock thrown by a cyclops

Illustrated notes

Levels and vault maps discovered:
D:1:      kilobyte_arrival_exit_the_forest, layout_loops_ring,
          ebering_ecumenical_altar_abandoned, minivault_5,
          minmay_misc_feat_square
D:2:      layout_basic, minmay_3d_cube, uniq_terence
D:3:      layout_loops_ring, minmay_misc_feat_plants
D:4:      layout_gridville, st_stairs_2
D:5:      layout_loops_ring
D:6:      layout_basic, minmay_temple_entry_nine_rooms,
          nicolae_ossuary_entry_giza, uniq_prince_ribbit1
D:7:      layout_basic, kennysheep_donut, minmay_liquid_box
D:8:      layout_loops_ring, dpeg_lair_monsters, serial_shops,
          nicolae_shop_trees, kennysheep_mini, shop
D:9:      layout_roguey, kennysheep_mini_moat, special_room [special_room_bee]
D:10:     layout_loops_ring, uniq_urug
D:13:     layout_basic, portal_ice_cave_entry_animals_and_master
Temple:   compressed_dpeg_triangle_lava_temple

Skill      XL: |  1  2  3  4  5  6  7  8  9 10 11 |
---------------+----------------------------------+-----
Earth Magic    | 4 5 6 7 8 9 10 | 10.9
Conjurations   | 1 3 4 6 7 8 9 |  9.1
Spellcasting   | 3 4 5 6 7 8 |  8.2
Fighting       | 3 4 5 |  5.6
Maces & Flails | 2 3 5 |  5.0
Armour         | 2 4 5 |  5.4
Dodging        | 2 3 4 |  4.5
Evocations     | 2 3 4 |  4.7
Stealth        | |  2.1
Transmutations | |  0.7

Action                   |  1- 3 |  4- 6 |  7- 9 | 10-12 || total
-------------------------+-------+-------+-------+-------++-------
Melee: Dagger            |    91 |   131 |   160 |    94 ||   476
       Unarmed           |     1 |       |       |       ||     1
       Headbutt          |       |       |       |    14 ||    14
 Cast: Sandblast         |     7 |    33 |    76 |    32 ||   148
       Stone Arrow       |       |     4 |    16 |    23 ||    43
       Lee's Rapid Decon |       |       |    10 |    30 ||    40
Evoke: Wand              |       |       |     3 |    11 ||    14
  Use: Scroll            |       |     8 |    11 |     3 ||    22
       Potion            |       |       |     3 |     4 ||     7
 Stab: Sleeping          |     1 |       |     2 |       ||     3
Armor: Robe              |    36 |    56 |    97 |    62 ||   251
Dodge: Dodged            |    68 |    89 |   130 |   113 ||   400

Table legend: (Time is in decaauts)
 A = Elapsed time spent in this place.
 B = Non-inter-level travel time spent in this place.
 C = Inter-level travel time spent in this place.
 D = Time resting spent in this place.
 E = Time spent auto-exploring this place.
 F = Levels seen in this place.
 G = Mean time per level.
                   A        B        C        D        E       F      G
               +--------+--------+--------+--------+--------+-----+--------+
         Total |  12180 |  11815 |    365 |   1648 |   8294 |  13 |  936.9 |
       Dungeon |  11571 |  11215 |    356 |   1342 |   8162 |  11 | 1051.9 |
        Temple |     70 |     61 |      9 |      0 |     54 |   1 |   70.0 |
       Ossuary |    538 |    538 |      0 |    306 |     78 |   1 |  538.0 |
               +--------+--------+--------+--------+--------+-----+--------+

Top non-repeatable levels by time:
     D:4: 1921 daAuts
     D:9: 1437 daAuts
     D:8: 1264 daAuts
     D:1: 1260 daAuts
     D:2: 1139 daAuts
     D:5: 1009 daAuts
     D:3: 931 daAuts
     D:6: 853 daAuts
     D:7: 813 daAuts
    D:10: 551 daAuts
 Ossuary: 538 daAuts
    D:13: 386 daAuts
  Temple: 70 daAuts
